 Dungeon Crawl Stone Soup version 0.30-a0-459-g9104f0fc43 (webtiles) character file.

Game seed: 13034008956997023363

765 cforsyth the Shield-Bearer (level 7, -12/70 HPs)
             Began as a Troll Fighter on Dec 15, 2022.
             Mangled by a gnoll
             ... wielding a +0 halberd
             ... led by a gnoll bouda
              (13 damage)
             ... on level 5 of the Dungeon.
             The game lasted 00:05:54 (3946 turns).

cforsyth the Shield-Bearer (Troll Fighter)          Turns: 3946, Time: 00:05:54

Health: -12/70     AC:  5    Str: 25    XL:     7   Next: 51%
Magic:  6/6        EV:  5    Int:  6    God:
Gold:   337        SH:  0    Dex:  9    Spells: 6/6 levels left

rFire   . . .      SeeInvis .      - Unarmed
rCold   . . .      Faith    .    b - +0 kite shield
rNeg    . . .      Spirit   .    a - +0 robe
rPois   .          Reflect  .    (helmet restricted)
rElec   .          Harm     .    v - +0 cloak
rCorr   +          Rampage  .    (gloves unavailable)
Will    .....                    (boots unavailable)
Stlth   +.........               (no amulet)
HPRegen 1.11/turn                j - ring of resist corrosion
MPRegen 0.10/turn                (no ring)

@: held
A: large, unfitting armour, claws 3, regeneration 1, shaggy fur 1, tough skin 1
a: no special abilities


You were on level 5 of the Dungeon.
You visited 1 branch of the dungeon, and saw 5 of its levels.

You collected 337 gold pieces.

Inventory:

Missiles
 t - a throwing net (quivered)
Armour
 a - a +0 robe (worn)
 b - a +0 kite shield (worn)
 v - a +0 cloak (worn)
Jewellery
 j - a ring of resist corrosion (left claw)
Wands
 q - a wand of polymorph (3)
Scrolls
 f - 6 scrolls of identify {unknown}
 g - 2 scrolls of vulnerability {unknown}
 h - a scroll of enchant armour {unknown}
 l - 2 scrolls of noise {unknown}
 m - 2 scrolls of amnesia {unknown}
 n - 2 scrolls of teleportation {unknown}
 o - a scroll of torment {unknown}
 p - a scroll of magic mapping {unknown}
 s - a scroll of butterflies {unknown}
Potions
 c - a potion of might
 d - 3 potions of brilliance {unknown}
 e - 6 potions of curing {unknown}
 i - 2 potions of magic {unknown}
 k - a potion of lignification {unknown}
 r - 2 potions of flight {unknown}
 u - 2 potions of cancellation {unknown}


   Skills:
 + Level 4.2 Fighting
 + Level 4.2 Dodging
 + Level 4.6 Shields
 + Level 4.6 Unarmed Combat


You had 6 spell levels left.
You didn't know any spells.
Your spell library was empty.

Dungeon Overview and Level Annotations

Branches:
Dungeon (5/15)
 Temple: D:4-7

Altars:
Qazlal

Shops:
D:5 [


Innate Abilities, Weirdness & Mutations

You are too large for most types of armour.
You have claws for hands.
Your natural rate of healing is unusually fast.
You are covered in fur. (AC +1)
You have tough skin. (AC +1)


Message History

The gnoll closely misses you. You block the gnoll's attack. x2
The gnoll hits you with a +0 spear.
You scratch the gnoll.
You kill the gnoll!
The gnoll barely misses you. You block the gnoll's attack.
The gnoll attacks as you move away! The gnoll hits you with a +0 whip.
You block the gnoll's attack.
You scratch the gnoll.
The gnoll is moderately wounded.
You block the gnoll's attack.
The gnoll hits you from afar with a +0 halberd!
The gnoll is no longer moving quickly.
You block the gnoll's attack. The gnoll hits you but does no damage.
The gnoll hits you from afar with a +0 halberd!
The gnoll hits you but does no damage.
There is an open door, spattered with blood here.
Things that are here:
a +0 club; a +0 robe You barely miss the gnoll.
The gnoll is no longer moving quickly.
The gnoll hits you but does no damage. The gnoll barely misses you.
The gnoll closely misses you. The gnoll hits you with a +0 halberd!
* * * LOW HITPOINT WARNING * * *
The gnoll hits you with a +0 whip.
* * * LOW HITPOINT WARNING * * *
The gnoll is no longer moving quickly.
The gnoll throws a throwing net.
The throwing net hits you.
You become entangled in the net!
The gnoll barely misses you. The gnoll hits you with a +0 whip!
* * * LOW HITPOINT WARNING * * *
You see here a throwing net.
Unknown command.
You struggle against the net.
The gnoll barely misses you.
The gnoll hits you from afar with a +0 halberd!
* * * LOW HITPOINT WARNING * * *
The gnoll hits you with a +0 whip.
* * * LOW HITPOINT WARNING * * *
You tear a large gash into the net.
The gnoll hits you from afar with a +0 spear.
* * * LOW HITPOINT WARNING * * *
The gnoll hits you from afar with a +0 halberd!
You die...

........#....#.......#........
........#....#.......#.......#
.........#....+(......#.......#
..##...###....# #########
#...###†...# #...#......#
#......# #......########
#..>...@)gg...+ #......g#g....#
#.......#.....# ###############


You could see 4 gnolls.

Vanquished Creatures
  Menkaure (D:4)
  A phantom (D:5)
  2 scorpions (D:5)
  A gnoll bouda (D:5)
  3 hounds
  An orc priest (D:5)
  Ijyb (D:4)
  An iguana (D:5)
  2 orc wizards (D:5)
  A gnoll (D:5)
  7 adders
  A white imp (D:3)
  2 ufetubi
  6 worms
  A dart slug (D:3)
  7 orcs
  7 ball pythons
  10 endoplasms
  4 giant cockroaches
  8 goblins
  5 hobgoblins
  4 jackals (D:2)
  7 kobolds
  5 quokkas
  6 bats
  8 frilled lizards
  7 rats
109 creatures vanquished.

Notes
Turn   | Place    | Note
-------+----------+-------------------------------------------
     0 | D:1      | cforsyth the Troll Fighter began the quest for the Orb.
     0 | D:1      | Reached XP level 1. HP: 22/22 MP: 0/0
   179 | D:1      | Reached XP level 2. HP: 29/29 MP: 1/1
   825 | D:2      | Reached XP level 3. HP: 36/36 MP: 2/2
   914 | D:2      | Found a faded altar of an unknown god.
  1017 | D:2      | Reached XP level 4. HP: 44/44 MP: 3/3
  1856 | D:3      | Found a stormy altar of Qazlal.
  2162 | D:3      | Reached XP level 5. HP: 52/53 MP: 4/4
  2380 | D:4      | Noticed Ijyb
  2392 | D:4      | Killed Ijyb
  2577 | D:4      | Noticed Menkaure
  2583 | D:4      | Killed Menkaure
  2584 | D:4      | Reached XP level 6. HP: 33/61 MP: 5/5
  3177 | D:5      | Entered Level 5 of the Dungeon
  3180 | D:5      | Found Iguomiuff's Armour Boutique.
  3521 | D:5      | Reached XP level 7. HP: 25/68 MP: 6/6
  3945 | D:5      | HP: 2/70 [gnoll/+0 whip[a gnoll bouda] (2)]
  3946 | D:5      | Mangled by a gnoll

Illustrated notes

Levels and vault maps discovered:
D:1:      psy_arrival_conway, layout_basic
D:2:      layout_rooms, ebering_ecumenical_altar_mist, st_stairs_1
D:3:      minmay_chambers_of_twos, layout_loops_corners,
          mainiacjoe_overflow_six_doors_small, grunt_ministairs_9
D:4:      layout_basic, serial_corexii_hall, chequers_hall_statues_corner_a,
          corexii_hall_statues_t, kennysheep_small_square, uniq_menkaure,
          uniq_ijyb
D:5:      layout_gridville, serial_shops, shop_statue

Skill      XL: |  1  2  3  4  5  6  7 |
---------------+----------------------+-----
Shields        | 3 4 |  4.6
Fighting       | 3 4 |  4.2
Dodging        | 3 4 |  4.2
Unarmed Combat | 3 4 |  4.6

Action                   |  1- 3 |  4- 6 |  7- 9 || total
-------------------------+-------+-------+-------++-------
Melee: Unarmed           |    94 |   179 |    39 ||   312
 Stab: Sleeping          |     1 |       |       ||     1
Armor: Robe              |    30 |    51 |    10 ||    91
       Skin              |       |    18 |       ||    18
Dodge: Dodged            |    26 |    55 |    21 ||   102
Block: Kite shield       |    31 |    66 |    25 ||   122

Table legend: (Time is in decaauts)
 A = Elapsed time spent in this place.
 B = Non-inter-level travel time spent in this place.
 C = Inter-level travel time spent in this place.
 D = Time resting spent in this place.
 E = Time spent auto-exploring this place.
 F = Levels seen in this place.
 G = Mean time per level.
                   A        B        C        D        E       F      G
               +--------+--------+--------+--------+--------+-----+--------+
         Total |   3966 |   3845 |    121 |    110 |   3048 |   5 |  793.2 |
       Dungeon |   3966 |   3845 |    121 |    110 |   3048 |   5 |  793.2 |
               +--------+--------+--------+--------+--------+-----+--------+

Top non-repeatable levels by time:
     D:3: 1005 daAuts
     D:4: 856 daAuts
     D:1: 827 daAuts
     D:5: 772 daAuts
     D:2: 504 daAuts
